 Dungeon Crawl Stone Soup version 0.22-a0-136-g83a10e5 (webtiles) character file.

94 DarkTechnomancer the Chiller (level 4, 0/30 HPs)
             Began as a Barachi Ice Elementalist on Feb 4, 2018.
             Was an Initiate of Ashenzari.
             Slain by a quasit (1 damage)
             ... on level 3 of the Dungeon.
             The game lasted 00:09:05 (2603 turns).

DarkTechnomancer the Chiller (BaIE)                 Turns: 2603, Time: 00:09:06

Health: 0/30       AC:  2    Str: 10      XL:     4   Next: 63%
Magic:  0/8        EV: 12    Int: 16      God:    Ashenzari [......]
Gold:   59         SH:  0    Dex:  8 (12) Spells: 6/9 levels left

rFire    . . .     SeeInvis .   e - -3 dagger (curse)
rCold    . . .     Gourm    .   (no shield)
rNeg     . . .     Faith    .   w - +0 robe
rPois    .         Spirit   .   (no helmet)
rElec    .         Reflect  .   (no cloak)
rCorr    +         Harm     .   (no gloves)
MR       +....                  (no boots)
Stlth    ++........             g - amulet of regeneration
HPRegen  0.50/turn              h - ring of protection from magic
MPRegen  0.11/turn              o - ring of resist corrosion

@: slow
A: +LOS, swims, slowness 1, strong legs 1
a: Hop, Curse Item, Renounce Religion


You were on level 3 of the Dungeon.
You worshipped Ashenzari.
Ashenzari was noncommittal.
You were hungry.

You visited 1 branch of the dungeon, and saw 3 of its levels.

You collected 59 gold pieces.

Inventory:

Hand Weapons
 a - a +0 dagger
 e - a cursed -3 dagger (weapon)
 r - a +1 dagger of freezing
Missiles
 k - 6 stones (quivered)
Armour
 w - a +0 robe (worn)
Jewellery
 g - an amulet of regeneration (around neck)
 h - a ring of protection from magic (left hand)
 n - an uncursed amulet of rage
 o - a ring of resist corrosion (right hand)
Wands
 q - a wand of flame (13)
Scrolls
 f - a scroll of random uselessness {unknown}
 j - a scroll of noise {unknown}
 l - 3 scrolls of identify {unknown}
 t - a scroll of amnesia {unknown}
 u - a scroll of immolation {unknown}
 v - 2 scrolls of remove curse
Potions
 d - a potion of curing {unknown}
 i - a potion of heal wounds {unknown}
 m - a potion of lignification {unknown}
 s - a potion of mutation {unknown}
Books
 b - a book of Frost

   Spells                             Type                      Level
   a - Freeze                         Ice                          1
   b - Throw Frost                    Conjuration/Ice              2
   c - Ozocubu's Armour               Charms/Ice                   3
   d - Throw Icicle                   Conjuration/Ice              4
   e - Summon Ice Beast               Ice/Summoning                4
Comestibles
 c - 9 rations
 p - 2 chunks of flesh


   Skills:
 - Level 2.1 Dodging
 - Level 1.7 Stealth
 + Level 3.2 Spellcasting
 * Level 3.4 Conjurations
 - Level 4.2 Ice Magic


You had 6 spell levels left.
You knew the following spells:

 Your Spells              Type           Power        Failure   Level  Hunger
a - Throw Frost           Conj/Ice       ##....       6%          2    ##.....
c - Freeze                Ice            ###.         3%          1    None


Dungeon Overview and Level Annotations

Branches:
Dungeon (3/15)

Altars:
Ashenzari
Cheibriados
Okawaru
Zin


Innate Abilities, Weirdness & Mutations

Shadows flee at your approach. (+LOS)
You can swim through water.
You cover ground slowly.
You can hop short distances.


Message History

* * * LOW HITPOINT WARNING * * *
Casting: Freeze (safe; 3% risk of failure)
Confirm with . or Enter, or press ? or * to list all spells.
Aiming: Freeze (safe; 3% risk of failure)
Press: ? - help, Shift-Dir - straight line, f/p - quasit
Aim: a quasit (almost dead)
You freeze the quasit.
The quasit resists.
The quasit is almost dead.
The quasit closely misses you. The quasit claws you.
* * * LOW HITPOINT WARNING * * *
The quasit claws you but does no damage.
Evoke which item? (* to show all) (? for menu, Esc to quit)
Aiming: Throw Flame
Press: ? - help, Shift-Dir - straight line, f/p - quasit
Aim: a quasit (almost dead)
The puff of flame misses the quasit.
The quasit bites you.
* * * LOW HITPOINT WARNING * * *
You feel clumsy. The quasit claws you.
You die...

#....#####.... .
#......#..... ..
##..#......†### ...
#...#...#..... ....
#...##.#....# .#...
#...#.......# ......
#.(.#......#####
#......#...............
#.>.....5@.....########
..$.....#+####)#
...#.... #....# .
#........#### #.......
#...... ...... #...$#
#....


You could see a quasit.

Vanquished Creatures
  Jessica (D:2)
  2 adders (D:2)
  A dart slug (D:1)
  A leopard gecko (D:2)
  4 bats (D:1)
  5 giant cockroaches
  10 goblins
  2 hobgoblins (D:2)
  5 jackals
  A quokka (D:2)
  4 frilled lizards
  5 kobolds
  4 rats
45 creatures vanquished.

Notes
Turn   | Place    | Note
-------+----------+-------------------------------------------
     0 | D:1      | DarkTechnomancer the Barachi Ice Elementalist began the quest for the Orb.
     0 | D:1      | Reached XP level 1. HP: 13/13 MP: 3/3
   264 | D:1      | Reached skill level 4 in Ice Magic
   285 | D:1      | Reached XP level 2. HP: 17/19 MP: 3/5
   390 | D:1      | Learned a level 2 spell: Throw Frost
   892 | D:1      | Reached XP level 3. HP: 24/24 MP: 4/6
  1321 | D:2      | Found an iron altar of Okawaru.
  1586 | D:2      | Noticed Jessica
  1602 | D:2      | Killed Jessica
  1602 | D:2      | Reached XP level 4. HP: 7/30 MP: 2/8
  1813 | D:2      | Found a shattered altar of Ashenzari.
  1831 | D:2      | Became a worshipper of Ashenzari the Shackled
  1848 | D:2      | Found a snail-covered altar of Cheibriados.
  1928 | D:2      | Found a glowing silver altar of Zin.
  2603 | D:3      | HP: 1/30 [quasit (2)]
  2603 | D:3      | Slain by a quasit

Vault maps used:
D:1:      lemuel_arrival_river_ford
D:2:      nicolae_overflow_quartered_altars, uniq_jessica
D:3:      lemuel_round_altar, hangedman_decor_lopped, minmay_strange_pillars,
          fedhas_altar_3

Skill      XL: |  1  2  3 |
---------------+----------+-----
Ice Magic      | 4 |  4.2
Conjurations   | 3 |  3.4
Spellcasting   | 3 |  3.2
Dodging        | |  2.1
Stealth        | |  1.7

Action                   |  1- 3 |  4- 6 || total
-------------------------+-------+-------++-------
Melee: Unarmed           |     5 |       ||     5
       Dagger            |    12 |    25 ||    37
Throw: Stone             |       |     2 ||     2
 Cast: Freeze            |    26 |    16 ||    42
       Throw Frost       |    18 |    22 ||    40
Evoke: Wand              |       |     5 ||     5
 Stab: Sleeping          |       |     1 ||     1
  Eat: Chunk             |     4 |     4 ||     8
Armor: Robe              |    11 |    25 ||    36
Dodge: Dodged            |    28 |    58 ||    86

Table legend:
 A = Spawn XP
 B = Non-spawn XP
 C = Spawn XP percentage of total XP
 D = Spawn monster count
 E = Non-spawn monster count
 F = Spawn count percentage of total count
 G = Total turns spent on level
                    A         B        C        D         E        F      G
               +---------+---------+-------+---------+---------+-------+---------
         Total |       0 |     135 |   0.0 |       0 |      45 |   0.0 |  2603
               +---------+---------+-------+---------+---------+-------+---------
           D:1 |       0 |      40 |   0.0 |       0 |      24 |   0.0 |  1312
           D:2 |       0 |      91 |   0.0 |       0 |      18 |   0.0 |  1195
           D:3 |       0 |       4 |   0.0 |       0 |       3 |   0.0 |    96
               +---------+---------+-------+---------+---------+-------+---------
